 Dungeon Crawl Stone Soup version 0.29.0-4-gdea44cf6ec (webtiles) character file.

Game seed: 11162079253790385324

165 qw the Chopper (level 5, -9/30 HPs)
             Began as a Tengu Warper on Aug 28, 2022.
             Mangled by an ogre
             ... wielding a +0 giant spiked club
              (16 damage)
             ... on level 3 of the Dungeon.
             The game lasted 00:00:21 (2963 turns).

qw the Chopper (Tengu Warper)                       Turns: 2963, Time: 00:00:21

Health: -9/30      AC: 14    Str: 19    XL:     5   Next: 46%
Magic:  0/9        EV: 13    Int: 14    God:
Gold:   169        SH:  0    Dex: 13    Spells: 8/8 levels left

rFire   . . .      SeeInvis .   Y - +0 hand axe
rCold   . . .      Faith    .   (no shield)
rNeg    . . .      Spirit   +   p - +2 chain mail {Will+}
rPois   .          Reflect  .   c - +2 hat
rElec   .          Harm     .   (no cloak)
rCorr   .          Rampage  .   n - +1 pair of gloves
Will    +....                   (boots unavailable)
Stlth   ..........              h - amulet of guardian spirit
HPRegen 0.10/turn               a - +4 ring of evasion
MPRegen 0.11/turn               b - +6 ring of strength

@: flying quickly and evasively, quick
A: beak, talons 3, nimble flight
a: no special abilities


You were on level 3 of the Dungeon.
You visited 1 branch of the dungeon, and saw 4 of its levels.

You collected 169 gold pieces.


Innate Abilities, Weirdness & Mutations

You have a beak for a mouth.
You have claws for feet.
Your magical nature lets you fly swiftly and evasively.


   Skills:
 - Level 2.0 Fighting
 + Level 5.7 Axes
 - Level 1.0 Throwing
 - Level 2.0 Armour
 - Level 2.1 Dodging
 - Level 2.0 Spellcasting
 - Level 2.4 Translocations


You had 8 spell levels left.
You didn't know any spells.
Your spell library contained the following spells:

 Spells                   Type           Power      Damage    Failure   Level
 Blink                    Tloc           16%        N/A       86%         2
 Gell's Gravitas          Tloc           8%         N/A       98%         3
 Lesser Beckoning         Tloc           8%         N/A       98%         3
 Teleport Other           Tloc           8%         N/A       98%         3
 Manifold Assault         Tloc           8%         N/A       100%        5

Inventory:

Hand Weapons
 l - a +0 morningstar
 Y - a +0 hand axe (weapon)
Missiles
 f - 5 boomerangs (quivered)
 r - a javelin
Armour
 c - a +2 hat (worn)
 n - a +1 pair of gloves (worn)
 p - a +2 chain mail of willpower (worn)
Jewellery
 a - a +4 ring of evasion (left hand)
 b - a +6 ring of strength (right hand)
 h - an amulet of guardian spirit (around neck)
Potions
 d - a potion of heal wounds {unknown}
 e - a potion of curing {unknown}
 g - a potion of cancellation {unknown}
 i - a potion of brilliance {unknown}
 j - a potion of flight {unknown}
 k - a potion of resistance {unknown}
 q - a potion of mutation {unknown}

Dungeon Overview and Level Annotations

Branches:
Dungeon (4/15)
 Temple: D:4-7

Altars:
Qazlal
Zin


Message History

Where to? (* - list waypoints, Enter - D:3, ? - help)
What level of the Dungeon? (default 1, ? - help)
There is a stone staircase leading down here.
You fly downwards.
The ball python hisses angrily.
The hound barks!
The adder hisses angrily.
The ogre shouts!
You hear a shout! x3
Found a scroll of fog, a silvery potion, a demon whip and a book of Burglary.
There is a stone staircase leading up here.
There are monsters nearby!
Existing waypoints: (1) D:2 (2) D:3 Assign waypoint to what number? (0-9, D - delete waypoint) Waypoint 1 re-assigned from D:2 to D:4.
Enter note:
2957 ||| STAIRDANCE The hound barely misses you. x2; The ogre barely misses you.
You fly upwards.
There is a stone staircase leading down here.
You hit the ogre. You peck the ogre.
The ogre is lightly wounded.
You hit the hound. The hound bites you but does no damage.
You hit the hound. Your kick misses the hound.
The hound is heavily wounded.
You completely miss the ogre. The hound barely misses you. The ogre misses you.
The hound bites you.
You barely miss the hound. You peck the hound.
The hound is severely wounded.
You hit the ogre but do no damage. The hound barely misses you.
The ogre hits you with a +0 giant spiked club!!
Ouch! That really hurt!
You hit the hound.
You kill the hound!
You hit the ogre. You barely miss the ogre.
The ogre is moderately wounded.
The ogre hits you with a +0 giant spiked club!!
Ouch! That really hurt!
You die...

###.# ###########.# #...#
#...........## #...#
#####.############ #...# #.....#
#.......' #...#
#.....####'#######
#######...###.....#.........##
#..........##.......#.......##
#.###......##.O....##.......##
###.#...<....##@..#)############
#..=.#.......##.#.#.# #
####.#.......##.#.#.# #
#.#.......##...#.############
#.#####'######...#..........#
#.......# #.#.#.########.#
################.#....## #..
#..............#.#.#...# ####..
#.######.........#...#.# #.....


You could see an ogre.

Vanquished Creatures
  A hound (D:3)
  Robin (D:2)
  A gnoll (D:2)
  An adder (D:3)
  A worm (D:3)
  3 dart slugs
  4 orcs (D:3)
  6 ball pythons
  2 endoplasms
  12 giant cockroaches
  16 goblins
  10 hobgoblins
  6 jackals
  2 kobolds
  4 quokkas
  6 bats
  3 frilled lizards
  3 rats
82 creatures vanquished.

Notes
Turn   | Place    | Note
-------+----------+-------------------------------------------
     0 | D:1      | qw the Tengu Warper began the quest for the Orb.
     0 | D:1      | Reached XP level 1. HP: 12/12 MP: 4/4
     0 | D:1      | 0 ||| qw: Version: 0.1-a-89-g26bdef1
     0 | D:1      | 0 ||| qw: Game counter: 1332
     0 | D:1      | 0 ||| qw: Always use a shield: true
     0 | D:1      | 0 ||| qw: God list: Okawaru
     0 | D:1      | 0 ||| qw: Allow faded altars: false
     0 | D:1      | 0 ||| qw: Do Orc after D:15 true
     0 | D:1      | 0 ||| qw: Do second Lair branch before Depths: true
     0 | D:1      | 0 ||| qw: Lair rune preference: random
     0 | D:1      | 0 ||| qw: Plans: Normal
     0 | D:1      | 0 ||| PLANNING D:1-11
   154 | D:1      | Reached XP level 2. HP: 17/17 MP: 6/6
   155 | D:1      | 155 ||| Stepping ~*~*~tactically~*~*~ (hiding).
   161 | D:1      | Reached skill level 3 in Axes
   728 | D:1      | Reached XP level 3. HP: 21/21 MP: 7/7
   847 | D:1      | 847 ||| UPGRADING to amulet of guardian spirit.
   852 | D:1      | 852 ||| READING scroll labelled AZYOFAQISU.
   853 | D:1      | 853 ||| READING scroll labelled KIEPNO PUJUGH.
   854 | D:1      | 854 ||| READING scroll labelled ETTIDU CUKAAWA.
   855 | D:1      | 855 ||| DROPPING scroll of blinking.
   873 | D:2      | Reached skill level 4 in Axes
   911 | D:2      | 911 ||| Stepping ~*~*~tactically~*~*~ (stealth).
   942 | D:2      | 942 ||| Stepping ~*~*~tactically~*~*~ (stealth).
   945 | D:2      | 945 ||| Stepping ~*~*~tactically~*~*~ (stealth).
   964 | D:2      | 964 ||| Stepping ~*~*~tactically~*~*~ (stealth).
   990 | D:2      | 990 ||| Stepping ~*~*~tactically~*~*~ (stealth).
   992 | D:2      | 992 ||| Stepping ~*~*~tactically~*~*~ (stealth).
  1006 | D:2      | 1006 ||| Stepping ~*~*~tactically~*~*~ (stealth).
  1039 | D:2      | 1039 ||| Stepping ~*~*~tactically~*~*~ (stealth).
  1041 | D:2      | 1041 ||| Stepping ~*~*~tactically~*~*~ (stealth).
  1043 | D:2      | 1043 ||| Stepping ~*~*~tactically~*~*~ (stealth).
  1047 | D:2      | 1047 ||| Stepping ~*~*~tactically~*~*~ (stealth).
  1058 | D:2      | Noticed Robin
  1059 | D:2      | 1059 ||| Stepping ~*~*~tactically~*~*~ (hiding).
  1072 | D:2      | Reached XP level 4. HP: 13/26 MP: 4/8
  1072 | D:2      | Killed Robin
  1103 | D:2      | 1103 ||| FLEEEEING.
  1104 | D:2      | 1104 ||| FLEEEEING.
  1117 | D:2      | 1117 ||| FLEEEEING.
  1118 | D:2      | 1118 ||| FLEEEEING.
  1125 | D:2      | 1125 ||| STAIRDANCE
  1271 | D:1      | 1271 ||| UPGRADING to +0 ring mail.
  1281 | D:1      | 1281 ||| DROPPING +0 leather armour.
  1282 | D:1      | 1282 ||| UPGRADING to +4 ring of evasion.
  1318 | D:2      | 1318 ||| Stepping ~*~*~tactically~*~*~ (stealth).
  1319 | D:2      | 1319 ||| Stepping ~*~*~tactically~*~*~ (stealth).
  1324 | D:2      | 1324 ||| Stepping ~*~*~tactically~*~*~ (stealth).
  1331 | D:2      | Reached skill level 5 in Axes
  1371 | D:2      | 1371 ||| Stepping ~*~*~tactically~*~*~ (stealth).
  1417 | D:2      | 1417 ||| Stepping ~*~*~tactically~*~*~ (stealth).
  1531 | D:2      | 1531 ||| DROPPING +0 club.
  1747 | D:2      | 1747 ||| UPGRADING to +0 pair of gloves.
  1752 | D:2      | 1752 ||| UPGRADING to +2 chain mail of willpower.
  1762 | D:2      | 1762 ||| DROPPING +0 ring mail.
  1763 | D:2      | 1763 ||| UPGRADING to ring of resist corrosion.
  1764 | D:2      | 1764 ||| READING scroll labelled TOEHEM GUXZI.
  1765 | D:2      | 1765 ||| READING scroll labelled OVULIPP CAGH.
  1766 | D:2      | 1766 ||| READING scroll labelled JOHIXU PYOWNIT.
  1810 | D:3      | 1810 ||| Stepping ~*~*~tactically~*~*~ (stealth).
  1826 | D:3      | 1826 ||| Stepping ~*~*~tactically~*~*~ (stealth).
  1827 | D:3      | 1827 ||| Stepping ~*~*~tactically~*~*~ (stealth).
  1829 | D:3      | 1829 ||| Stepping ~*~*~tactically~*~*~ (stealth).
  1834 | D:3      | 1834 ||| Stepping ~*~*~tactically~*~*~ (stealth).
  1968 | D:3      | Gained mutation: Your magical nature lets you fly swiftly
                  | and evasively. [Tengu growth]
  1968 | D:3      | Reached XP level 5. HP: 28/30 MP: 9/9
  2044 | D:3      | 2044 ||| DROPPING +0 mace of protection.
  2113 | D:3      | 2113 ||| READING scroll of enchant armour.
  2113 | D:3      | 2113 ||| ENCHANTING +0 pair of gloves.
  2234 | D:3      | Found a stormy altar of Qazlal.
  2235 | D:3      | Found a glowing silver altar of Zin.
  2792 | D:3      | 2792 ||| UPGRADING to +2 hat.
  2797 | D:3      | 2797 ||| UPGRADING to +6 ring of strength.
  2799 | D:3      | 2799 ||| DROPPING ring of resist corrosion.
  2800 | D:3      | 2800 ||| READING scroll labelled JIN FEODUHEYNN.
  2955 | D:4      | Noticed an ogre
  2957 | D:4      | 2957 ||| STAIRDANCE
  2961 | D:3      | HP: 7/30 [ogre/+0 giant spiked club (21)]
  2963 | D:3      | Mangled by an ogre

Levels and vault maps discovered:
D:1:      tarquinn_simple_flora_water_a, layout_basic
D:2:      minmay_roachtagon, layout_rooms, minmay_indecisive_spiral, uniq_robin
D:3:      layout_basic, nicolae_overflow_two_pavilions, grunt_decor_fettered
D:4:      layout_loops_ring, mainiacjoe_overflow_alcove_4, temple_pool_b,
          minmay_stone_trees_small, uniq_ijyb

Skill      XL: |  1  2  3  4  5 |
---------------+----------------+-----
Axes           | 3 4 5 |  5.7
Armour         | 2 |  2.0
Fighting       | |  2.0
Throwing       | |  1.0
Dodging        | |  2.1
Spellcasting   | |  2.0
Translocations | |  2.4

Action                   |  1- 3 |  4- 6 || total
-------------------------+-------+-------++-------
Melee: Hand axe          |    81 |    71 ||   152
       Kick              |    22 |    21 ||    43
       Peck              |    12 |     9 ||    21
       Punch             |     2 |     1 ||     3
Throw: Boomerang         |    24 |    11 ||    35
       Javelin           |    12 |    25 ||    37
  Use: Scroll            |     3 |     5 ||     8
Armor: Leather armour    |    19 |     2 ||    21
       Chain mail        |       |    11 ||    11
       Ring mail         |       |     3 ||     3
Dodge: Dodged            |    40 |    41 ||    81

Table legend:
 A = Non-vault XP
 B = Vault XP
 C = Vault XP percentage of total XP
 D = Non-vault monster count
 E = Vault monster count
 F = Vault count percentage of total count
                 A         B        C        D         E       F
            +---------+---------+-------+---------+---------+-------
      Total |     158 |      79 |  33.3 |      55 |      27 |  32.9
            +---------+---------+-------+---------+---------+-------
        D:1 |      40 |       0 |   0.0 |      20 |       0 |   0.0
        D:2 |      28 |      79 |  73.8 |      18 |      27 |  60.0
        D:3 |      90 |       0 |   0.0 |      17 |       0 |   0.0
            +---------+---------+-------+---------+---------+-------
